Map: Para Site LE

Players

SILYR

  • Race: Zerg Zerg
  • League: Silver
  • Spawn Location: 5:00

Yocto - Winner!

  • Race: Zerg Zerg
  • Spawn Location: 11:00

VOD

Have the link to the VOD?

Description

Time

  • Played on: Dec. 14, 2018, 10:17 a.m.
  • Length: 4:45
Show
View Real Time Build Order
Export as new Build Order

SILYR Zerg 

Build Orders: Pool First 

Get SALT Encoding   

  12  0:10  Drone x2  
  14  0:26  Spawning Pool  
  13  0:30  Drone  
  14  0:38  Overlord  
  14  1:06  Hatchery  
  13  1:18  Zergling x4  
  14  1:19  Zergling x2  
  14  1:23  Extractor  
  15  1:29  Drone  
  16  1:34  Queen  
  18  1:40  Drone  
  19  1:52  Drone  
  20  2:02  Drone  
  21  2:18  Drone  
  21  2:19  Drone  
  21  2:20  Queen  
  25  2:36  Metabolic Boost  
  25  2:37  Zergling x6  
  28  2:55  Overlord  
  28  3:22  Drone  
  28  3:23  Drone x6  
  35  3:31  Lair  
  34  4:13  Zergling x2  
  34  4:14  Overlord  
  34  4:15  Overlord x2  
  35  4:25  Extractor  
Show
View Real Time Build Order
Export as new Build Order

Yocto Zerg - Winner!

Build Orders: Hatch First 

Get SALT Encoding   

  12  0:01  Drone  
  13  0:19  Overlord  
  13  0:20  Drone  
  14  0:38  Drone x2  
  14  0:41  Drone  
  17  0:56  Hatchery  
  16  1:02  Drone  
  17  1:10  Extractor, Drone  
  17  1:20  Spawning Pool  
  17  1:21  Drone  
  17  1:25  Drone  
  18  1:37  Drone  
  19  1:48  Overlord  
  19  2:04  Drone  
  20  2:09  Spine Crawler  
  20  2:10  Zergling x4  
  20  2:11  Queen  
  23  2:16  Spine Crawler  
  23  2:21  Metabolic Boost  
  22  2:24  Zergling x4  
  24  2:31  Zergling x4  
  26  2:40  Baneling Nest  
  25  2:53  Queen  
  27  2:59  Zergling x6  
  30  3:15  Overlord  
  30  3:21  Zergling x8  
  34  3:42  Queen  
  36  3:52  Zergling x8  
  36  3:53  Zergling x2  
  41  3:59  Overlord  
  41  4:03  Zergling x2  
  42  4:21  Zergling x4  
  42  4:22  Zergling x6  
Tags
 
League
Silver
Matchup
ZvZ
Race
Zerg
Replay Pack
Yocto
Spawn Locations
Cross Positions
Add a new tag
Caveats
  • Supply blocks, unpowered buildings, or Contaminate may cause inaccurate times.
  • Supply counts are checked every 10 seconds.